 Dungeon Crawl Stone Soup version 0.30.0-29-ga12c61a403 (webtiles) character file.

Game seed: 6460651352602194584

2587 Bnni the Geomancer (level 9, -10/69 HPs)
             Began as a Formicid Earth Elementalist on June 5, 2023.
             Was a Believer of Cheibriados.
             Killed from afar by Maggie (27 damage)
             ... with a bolt of fire
             ... on level 7 of the Dungeon.
             The game lasted 00:10:50 (7115 turns).

Bnni the Geomancer (Formicid Earth Elementalist)    Turns: 7115, Time: 00:10:51

Health: -10/69     AC: 10    Str: 17    XL:     9   Next: 88%
Magic:  15/17      EV: 13    Int: 23    God:    Cheibriados [**....]
Gold:   266        SH:  0    Dex: 18    Spells: 7/19 levels left

rFire   . . .        h - staff of earth
rCold   . . .        (no shield)
rNeg    . . .        E - +0 chain mail
rPois   .            (helmet unavailable)
rElec   .            (no cloak)
rCorr   +            H - +0 pair of gloves
SInv    +            (no boots)
Will    .....        A - amulet of faith Stlth
                     F - ring of resist corrosion
HPRegen 0.31/turn    e - +5 ring of evasion
MPRegen 0.15/turn

%: faith
@: mesmerised, very slow
A: permanent stasis, dig shafts and tunnels, antennae 3, four strong arms
a: Dig, Shaft Self, Renounce Religion, Bend Time


You were on level 7 of the Dungeon.
You worshipped Cheibriados.
Cheibriados was pleased with you.
You visited 2 branches of the dungeon, and saw 8 of its levels.
You also visited: Ossuary.

You collected 266 gold pieces.

Inventory:

Hand Weapons
 l - a +3 dagger of venom
Missiles
 a - 18 poisoned darts
Armour
 m - a +0 plate armour
 E - a +0 chain mail (worn)
 H - a +0 pair of gloves (worn)
Magical Staves
 h - a staff of earth (weapon)
Jewellery
 e - a +5 ring of evasion (right hand)
 x - a ring of flight
 A - an amulet of faith (around neck)
 F - a ring of resist corrosion (left hand)
Wands
 r - a wand of roots (10)
 D - a wand of mindburst (13)
Scrolls
 c - a scroll of silence {unknown}
 d - a scroll of brand weapon {unknown}
 f - a scroll of torment {unknown}
 i - a scroll of immolation {unknown}
 o - 4 scrolls of enchant weapon
 q - 3 scrolls of vulnerability {unknown}
 v - 2 scrolls of blinking {unknown}
 y - 2 scrolls of magic mapping {unknown}
 z - a scroll of enchant armour {unknown}
 C - 3 scrolls of noise {unknown}
Potions
 b - a potion of magic
 g - 3 potions of curing
 j - a potion of ambrosia
 k - 2 potions of degeneration {unknown}
 n - a potion of brilliance
 p - a potion of might
 s - 3 potions of flight
 t - 2 potions of mutation
 u - 3 potions of attraction


   Skills:
 + Level 5.8 Fighting
 + Level 3.2 Armour
 - Level 1.7 Dodging
 - Level 2.4 Stealth
 + Level 5.8 Spellcasting
 - Level 3.0 Conjurations
 + Level 0.4 Necromancy
 - Level 3.0 Transmutations
 * Level 9.9 Earth Magic
 + Level 3.5 Invocations


You had 7 spell levels left.
You knew the following spells:

 Your Spells              Type           Power      Damage    Failure   Level
a - Sandblast             Erth           100%       2d20      1%          1
b - Passwall              Tmut/Erth      44%        N/A       10%         2
c - Stone Arrow           Conj/Erth      100%       3d13      19%         3
d - Petrify               Tmut/Erth      53%        N/A       54%         4
s - Sublimation of Blood  Necr           8%         N/A       75%         2

Your spell library contained the following spells:

 Spells                   Type           Power      Damage    Failure   Level
 Magic Dart               Conj           80%        1d7       26%         1
 Wereblood                Tmut           20%        N/A       38%         2
 Call Imp                 Summ           12%        N/A       80%         2
 Mephitic Cloud           Conj/Pois/Air  11%        N/A       88%         3
 Summon Hydra             Summ           3%         N/A       100%        7


Dungeon Overview and Level Annotations

Branches:
Dungeon (7/15)             Temple (1/1) D:4         Ossuary (visited)

Altars:
Cheibriados
Kikubaaqudgha
Nemelex Xobeh
Okawaru
Ru
Uskayaw
Yredelemnul
Zin
The Shining One

Annotations:
D:7 Maggie


Innate Abilities, Weirdness & Mutations

You cannot be hasted, slowed, berserked, paralysed or teleported.
You can dig through walls and to a lower floor.
You have a pair of large antennae on your head. (SInv)
Your four strong arms can wield two-handed weapons with a shield.


Message History

You hear the flapping of tiny wings.
Maggie is knocked back by the sudden gust.
You swap places.
You are no longer entranced.
Something unseen breaks down the door.
Maggie mutters to herself, "Master Lance won't take me back.
This is the way forward."
Maggie hits your butterfly with a +1 halberd of flaming!
Maggie burns your butterfly.
Your butterfly dies!
Your butterfly disappears in a burst of colours!
Maggie hits your butterfly with a +1 halberd of flaming.
Maggie burns your butterfly.
Your butterfly dies!
Your butterfly disappears in a burst of colours!
Okay, then.
As you open the door, it creaks loudly!
Maggie mumbles some strange words.
Maggie attempts to bespell you!
You are mesmerised by Maggie!
You cannot move away from Maggie!
Unknown command.
Casting: Sandblast (safe; 1% risk of failure)
Confirm with . or Enter, or press ? or * to list all spells.
Aiming: Passwall (safe; 10% risk of failure)
Press: ? - help, Dir - move target, p - Maggie A rock wall.
Okay, then.
Casting: Passwall (safe; 10% risk of failure)
Confirm with . or Enter, or press ? or * to list all spells.
Aiming: Passwall (safe; 10% risk of failure)
Press: ? - help, Dir - move target, p - Maggie A rock wall.
You feel a surge of power!
You begin to meditate on the wall.
You continue meditating on the rock.
Maggie points at you and mumbles some strange words.
The bolt of fire hits your butterfly!
Your butterfly dies!
Your butterfly disappears in a burst of colours!
The bolt of fire hits you!!
You die...

#. .. #'###
#...# #.# #@#
#.### ##...#
#@.#.###
##b##bbb#
##b..###b##
##..b..##{.##
##.#?..#.##{.#
##.8.8.8.8.##.#
#.....).....#.#
+.....).....'.#
#...........###


You could see Maggie (mesmerising, ally target).

Vanquished Creatures
  Edmund (D:6)
  A water moccasin (D:6)
  An orc warrior (D:6)
  A black bear (D:5)
  An ice beast (D:7)
  An ogre (D:5)
  A phantom (D:5)
  10 scorpions (Ossuary)
  5 wights (D:6)
  A howler monkey (D:4)
  5 hounds
  A centaur zombie (Ossuary)
  2 orc priests
  A gnoll bouda (D:6)
  2 sleepcaps
  2 human zombies (Ossuary)
  3 iguanas
  4 orc wizards
  6 scorpion zombies (Ossuary)
  Terence (D:3)
  3 mummies (Ossuary)
  9 gnolls (D:6)
  12 adders
  A worm (D:2)
  A dart slug (D:3)
  11 orcs
  6 bats
  5 endoplasms
  2 giant cockroaches (D:1)
  A gnoll zombie (Ossuary)
  10 goblins
  4 hobgoblins
  6 jackals (D:2)
  3 quokkas
  6 ball pythons
  2 frilled lizards (D:1)
  4 goblin zombies (Ossuary)
  A hobgoblin zombie (Ossuary)
  5 kobolds
  3 kobold zombies
  4 orc zombies (Ossuary)
  7 rats
  2 rat zombies (D:4)
158 creatures vanquished.

Notes
Turn   | Place    | Note
-------+----------+-------------------------------------------
     0 | D:1      | Bnni the Formicid Earth Elementalist began the quest for
                  | the Orb.
     0 | D:1      | Reached XP level 1. HP: 13/13 MP: 3/3
   283 | D:1      | Reached XP level 2. HP: 18/20 MP: 1/5
   361 | D:1      | Learned a level 2 spell: Passwall
   378 | D:1      | Reached skill level 4 in Earth Magic
   859 | D:1      | Reached XP level 3. HP: 25/25 MP: 3/6
   863 | D:1      | Learned a level 3 spell: Stone Arrow
  1068 | D:2      | Reached skill level 1 in Fighting
  1387 | D:2      | Reached XP level 4. HP: 23/32 MP: 7/7
  1579 | D:2      | Identified the +0 sling of Regicide {freeze, rCorr}
  2311 | D:3      | Reached XP level 5. HP: 38/38 MP: 5/9
  2312 | D:3      | Reached skill level 5 in Earth Magic
  2465 | D:3      | You fall into a shaft and drop 3 floors!
  2471 | D:6      | Learned a level 4 spell: Petrify
  2546 | D:5      | Entered Level 5 of the Dungeon
  2556 | D:5      | Noticed a black bear
  2565 | D:5      | Killed a black bear
  2566 | D:5      | Reached XP level 6. HP: 46/46 MP: 5/10
  2679 | D:4      | Found a sand-covered staircase.
  2716 | Ossuary  | Entered an ossuary
  2730 | Ossuary  | Reached skill level 6 in Earth Magic
  2790 | Ossuary  | Reached XP level 7. HP: 41/52 MP: 6/12
  3068 | Ossuary  | Reached skill level 1 in Conjurations
  3068 | Ossuary  | Reached skill level 7 in Earth Magic
  3190 | Ossuary  | Reached XP level 8. HP: 28/60 MP: 4/14
  3544 | Ossuary  | Reached skill level 8 in Earth Magic
  3875 | D:3      | Found a hide-covered altar of Uskayaw.
  3879 | D:3      | Found a sacrificial altar of Ru.
  3879 | D:3      | Found a glowing golden altar of the Shining One.
  3880 | D:3      | Found an iron altar of Okawaru.
  3881 | D:3      | Found an ancient bone altar of Kikubaaqudgha.
  3883 | D:3      | Found a glowing silver altar of Zin.
  3906 | D:3      | Noticed Terence
  3910 | D:3      | Killed Terence
  3997 | D:3      | Found a basalt altar of Yredelemnul.
  4312 | D:4      | Found a staircase to the Ecumenical Temple.
  4318 | D:4      | Reached skill level 5 in Spellcasting
  4324 | Temple   | Entered the Ecumenical Temple
  4380 | Temple   | Became a worshipper of Cheibriados the Contemplative
  4788 | D:5      | Reached skill level 1 in Invocations
  4918 | D:5      | Reached skill level 1 in Armour
  4918 | D:5      | Reached XP level 9. HP: 67/67 MP: 12/16
  5316 | D:5      | Reached skill level 5 in Fighting
  5513 | D:5      | Reached skill level 9 in Earth Magic
  5593 | D:6      | Reached * piety under Cheibriados
  5706 | D:6      | Noticed Edmund
  5712 | D:6      | Killed Edmund
  6291 | D:6      | Reached ** piety under Cheibriados
  6954 | D:6      | Learned a level 2 spell: Sublimation of Blood
  7102 | D:7      | Noticed Maggie
  7115 | D:7      | Killed from afar by Maggie

Illustrated notes

Levels and vault maps discovered:
D:1:      lemuel_arrival_muddy, layout_basic
D:2:      layout_basic, minmay_pentomino_r4
D:3:      layout_rooms, yredelemnul_altar_generic, minitemple, uniq_terence
D:4:      dreamdust_elfheim, layout_loops_ring,
          minmay_temple_entry_proselytizer, enter_ossuary_3
D:5:      layout_gridville
D:6:      layout_layer_cave, uniq_edmund
D:7:      layout_basic, nicolae_sif_muna_little_library, hex_tiny,
          dk_noncrumbling_3, uniq_maggie, uniq_prince_ribbit1
Temple:   nicolae_temple_figure_eight

Skill      XL: |  1  2  3  4  5  6  7  8  9 |
---------------+----------------------------+-----
Earth Magic    | 4 5 6 7 8 9 |  9.9
Fighting       | 1 2 3 4 5 |  5.8
Transmutations | 2 3 |  3.0
Spellcasting   | 3 4 5 |  5.8
Conjurations   | 1 2 3 |  3.0
Invocations    | 1 3 |  3.5
Armour         | 1 3 |  3.2
Dodging        | |  1.7
Stealth        | |  2.4
Necromancy     | |  0.4

Action                     |  1- 3 |  4- 6 |  7- 9 || total
---------------------------+-------+-------+-------++-------
  Melee: Staff             |    11 |       |     3 ||    14
  Throw: Dart              |       |     3 |     4 ||     7
   Cast: Sandblast         |    31 |    62 |   168 ||   261
         Passwall          |       |       |     1 ||     1
  Evoke: Wand              |       |       |     2 ||     2
    Use: Scroll            |       |       |    14 ||    14
         Potion            |       |       |     1 ||     1
 Armour: Robe              |     4 |     3 |       ||     7
         Leather armour    |       |     7 |    22 ||    29
         Chain mail        |       |       |    14 ||    14
         Ring mail         |       |       |     1 ||     1
  Dodge: Dodged            |     6 |    34 |    56 ||    96
